Map: Dusty Gorge

Players

PureLegacy - Winner!

  • Race: Terran Terran
  • Spawn Location: 3:00

GRoupe - Winner!

  • Race: Terran Terran
  • League: Master
  • Spawn Location: 5:00

DreamCacao

  • Race: Protoss Protoss
  • Spawn Location: 11:00

bbuang

  • Race: Zerg Zerg
  • Spawn Location: 9:00

VOD

Have the link to the VOD?

Description

Time

  • Played on: Nov. 24, 2018, 9:33 a.m.
  • Length: 9:55
Show
View Real Time Build Order
Export as new Build Order

PureLegacy Terran - Winner!

Build Orders: Gas First Reaper Expand 

Get SALT Encoding   

  12  0:02  SCV  
  13  0:14  SCV  
  13  0:20  Supply Depot  
  14  0:26  SCV  
  15  0:31  Refinery  
  15  0:41  SCV  
  16  0:46  Barracks  
  16  0:53  SCV  
  17  1:06  SCV  
  18  1:18  SCV  
  19  1:34  Orbital Command  
  19  1:35  Reaper  
  20  1:43  Command Center  
  20  1:57  Supply Depot  
  20  2:00  SCV  
  21  2:08  Barracks Reactor  
  21  2:14  SCV  
  22  2:21  Barracks  
  22  2:22  Barracks  
  22  2:26  SCV  
  23  2:32  Supply Depot  
  23  2:41  SCV  
  24  2:44  Marine  
  24  2:45  Marine  
  26  2:53  SCV  
  26  2:56  Orbital Command  
  27  3:02  Marine x2  
  29  3:06  Engineering Bay  
  29  3:08  Barracks Tech Lab  
  29  3:09  Marine  
  29  3:10  SCV  
  31  3:22  SCV x2  
  31  3:23  Marine x2  
  35  3:28  Stimpack  
  35  3:32  Marine x2  
  37  3:34  SCV x2  
  37  3:40  Bunker  
  39  3:44  Refinery  
  39  3:46  SCV x2  
  41  3:52  Missile Turret  
  41  3:53  Missile Turret  
  41  3:59  SCV x2  
  41  4:01  Factory  
  42  4:05  Marine x3  
  42  4:06  Marine  
  46  4:11  SCV x2  
  48  4:18  Terran Infantry Weapons Level 1  
  48  4:23  SCV x2  
  50  4:25  Marine x3  
  50  4:29  Supply Depot  
  53  4:35  Supply Depot  
  53  4:43  Barracks  
  53  4:44  SCV  
  53  4:45  Barracks  
  54  4:46  Barracks Reactor  
  54  4:51  SCV  
  54  4:52  Starport  
  55  4:54  Factory Reactor  
  55  4:57  SCV  
  55  4:58  Marine x3  
  59  5:03  Refinery, SCV  
  59  5:06  Refinery  
  60  5:09  Supply Depot, SCV  
  61  5:15  SCV  
  61  5:17  Supply Depot  
  61  5:19  Marine x3  
  65  5:22  SCV  
  65  5:25  Marine x2  
  65  5:26  Supply Depot  
  68  5:35  Barracks Reactor x2  
  68  5:39  Factory Tech Lab  
  68  5:42  Medivac  
  68  5:43  Medivac  
  68  5:49  Supply Depot  
  72  5:51  Combat Shield  
  72  5:58  Marine x4  
  72  5:59  Marine  
  72  6:00  SCV x2  
  72  6:03  Supply Depot  
  79  6:06  Siege Tank  
  81  6:18  Marine x2  
  83  6:19  Marine x5  
  88  6:25  Medivac x2  
  88  6:30  Supply Depot x2  
  92  6:33  Marine x2  
  92  6:37  Marine x2  
  92  6:38  Siege Tank  
  99  6:47  Marine x2  
  99  6:48  Marine x2  
  99  6:49  Marine  
  104  6:57  Marine x3  
  104  7:12  Siege Tank  
  104  7:13  Medivac x2, Marine x4  
  104  7:14  Marine  
  114  7:16  Terran Infantry Armor Level 1, Supply Depot  
  114  7:29  Marine x3  
  95  7:45  Siege Tank  
  95  7:46  Command Center  
  95  7:50  Armory  
  98  7:52  Supply Depot, Engineering Bay  
  98  7:53  SCV x2  
  100  8:05  SCV x2  
  101  8:14  Medivac  
  101  8:15  Medivac, Marine x4, Missile Turret  
  101  8:16  Marine x3  
  101  8:17  SCV x2, Siege Tank  
  101  8:19  Marine x2  
  118  8:33  Marine  
  112  8:36  Marine x3  
  112  8:40  SCV  
  114  8:48  Marine x3  
  107  8:49  Siege Tank  
  104  9:02  Marine x2  
  105  9:03  Marine x4  
  105  9:06  Marine x3  
  107  9:20  Marine x6  
  107  9:21  Orbital Command  
  107  9:22  SCV x2  
  107  9:24  Marine x2  
  115  9:26  Marine  
  118  9:37  Factory  
Show
View Real Time Build Order
Export as new Build Order

GRoupe Terran - Winner!

Build Orders: Gas First Reaper Expand 

Get SALT Encoding   

  12  0:00  SCV  
  13  0:12  SCV  
  14  0:18  Supply Depot  
  14  0:25  SCV  
  15  0:29  Refinery  
  15  0:39  SCV  
  16  0:45  Barracks  
  16  0:51  SCV  
  17  1:03  SCV  
  18  1:16  SCV  
  19  1:32  Reaper, Orbital Command  
  20  1:45  Command Center  
  20  1:59  SCV  
  21  2:01  Factory  
  21  2:07  Barracks Reactor  
  21  2:11  SCV  
  21  2:12  Refinery  
  22  2:22  Supply Depot  
  22  2:23  SCV  
  23  2:43  SCV  
  24  2:46  Starport  
  26  2:51  Hellion x2  
  26  2:55  SCV  
  26  2:56  Orbital Command  
  29  3:08  SCV  
  32  3:13  Hellion x2  
  32  3:18  Ghost Academy  
  34  3:20  SCV  
  34  3:24  SCV  
  36  3:28  Viking  
  36  3:32  SCV  
  39  3:39  SCV  
  40  3:41  Engineering Bay  
  40  3:45  Widow Mine x2  
  44  3:50  Supply Depot  
  44  3:51  SCV  
  45  4:00  SCV  
  45  4:02  Barracks Tech Lab  
  46  4:11  Supply Depot  
  46  4:12  Viking, SCV  
  46  4:14  Hellion  
  46  4:15  Hellion  
  46  4:16  SCV  
  54  4:25  Missile Turret  
  54  4:30  Missile Turret  
  54  4:33  Ghost, SCV  
  54  4:35  SCV  
  58  4:40  Supply Depot  
  58  4:45  Starport Reactor  
  58  4:46  SCV  
  58  4:47  SCV  
  58  4:48  Refinery  
  58  4:49  Refinery  
  60  4:59  SCV  
  61  5:00  SCV  
  61  5:02  Ghost  
  61  5:03  Supply Depot  
  61  5:04  Supply Depot  
  64  5:12  Hellion  
  64  5:13  Hellion, SCV  
  69  5:15  SCV  
  70  5:25  SCV  
  71  5:31  Ghost  
  73  5:37  Factory  
  73  5:39  Armory  
  73  5:41  Hellion x2  
  77  5:45  Missile Turret  
  77  5:47  SCV  
  77  5:48  SCV  
  79  5:51  Viking  
  79  5:52  Viking  
  79  5:53  Missile Turret  
  83  6:04  SCV x2  
  85  6:05  Personal Cloaking  
  85  6:08  Supply Depot  
  85  6:09  Supply Depot  
  85  6:12  Supply Depot  
  85  6:28  SCV  
  85  6:30  Factory Tech Lab, Factory, SCV  
  87  6:38  Command Center  
  87  6:40  SCV  
  87  6:41  Supply Depot  
  87  6:42  Supply Depot  
  87  6:46  Supply Depot  
  88  6:50  Supply Depot  
  88  7:02  Infernal Pre-Igniter  
  88  7:03  Terran Vehicle Weapons Level 1  
  88  7:06  Hellion x3  
  88  7:19  Ghost  
  88  7:21  Factory Reactor  
  90  7:25  SCV x2  
  90  7:28  Terran Infantry Armor Level 1  
  92  7:30  Armory  
  92  7:32  Engineering Bay  
  92  7:33  Viking x2  
  92  7:35  Hellion x2  
  100  7:51  Command Center  
  100  8:08  Missile Turret  
  100  8:09  Missile Turret  
  100  8:12  Factory  
  100  8:16  Factory Tech Lab  
  100  8:17  Barracks  
  100  8:22  Barracks  
  100  8:25  Siege Tank  
  100  8:26  SCV, Orbital Command  
  104  8:29  SCV  
  105  8:34  Refinery  
  105  8:35  Refinery  
  105  8:37  Siege Tank  
  105  8:38  SCV  
  109  8:41  Ghost  
  109  8:43  SCV  
  112  8:50  SCV  
  113  8:56  SCV x2  
  116  9:02  SCV  
  116  9:03  Viking x2  
  116  9:04  Orbital Command  
  116  9:08  SCV x2  
  116  9:09  Barracks Tech Lab x2  
  122  9:16  Hellion  
  134  9:17  Hellion x2  
  134  9:18  SCV  
  134  9:20  SCV  
Show
View Real Time Build Order
Export as new Build Order

DreamCacao Protoss 

Build Orders: Mass Phoenix 

Get SALT Encoding   

  12  0:01  Probe  
  13  0:13  Probe  
  14  0:20  Pylon  
  14  0:25  Probe  
  15  0:38  Probe  
  16  0:43  Gateway  
  16  0:46  Assimilator  
  16  0:52  Probe  
  17  0:58  Assimilator  
  17  1:04  Probe  
  18  1:16  Probe  
  19  1:28  Probe  
  19  1:30  Cybernetics Core  
  20  1:35  Pylon  
  20  1:40  Probe  
  21  1:52  Probe  
  22  2:00  Adept  
  22  2:05  Probe  
  23  2:09  Warp Gate  
  24  2:18  Nexus  
  24  2:25  Adept  
  24  2:27  Probe  
  27  2:38  Assimilator  
  27  2:39  Probe  
  28  2:46  Stargate  
  28  2:56  Probe  
  29  3:00  Assimilator  
  29  3:02  Adept  
  29  3:04  Assimilator  
  31  3:29  Probe  
  32  3:36  Probe  
  33  3:41  Probe  
  33  3:42  Stargate  
  34  3:48  Probe  
  34  3:51  Probe  
  34  3:53  Pylon  
  36  3:59  Probe  
  36  4:00  Probe  
  37  4:07  Nexus  
  38  4:10  Probe  
  38  4:14  Probe  
  40  4:24  Stargate  
  40  4:29  Protoss Air Weapons Level 1  
  40  4:30  Phoenix  
  42  4:39  Phoenix  
  42  4:41  Probe  
  42  4:44  Probe  
  46  4:53  Probe  
  46  4:56  Probe  
  48  5:01  Phoenix  
  50  5:08  Phoenix  
  50  5:10  Probe  
  53  5:19  Phoenix  
  53  5:20  Probe  
  53  5:21  Probe  
  57  5:27  Phoenix  
  59  5:33  Probe x3  
  62  5:40  Phoenix  
  64  5:46  Probe  
  64  5:49  Probe x2  
  67  5:52  Phoenix  
  69  6:06  Pylon  
  69  6:24  Probe x2, Phoenix x3  
  77  6:34  Pylon  
  77  6:35  Pylon  
  77  6:36  Fleet Beacon  
  77  6:52  Probe x3  
  77  6:54  Pylon  
  80  6:55  Pylon  
  58  7:14  Phoenix  
  53  7:29  Probe x2  
  49  7:38  Probe  
  49  7:39  Phoenix  
  49  7:41  Probe  
  49  7:44  Anion Pulse-Crystals  
  42  7:47  Probe  
  43  7:52  Stargate  
  43  7:53  Probe  
  43  7:54  Stargate  
  43  7:55  Probe, Stargate  
  45  8:06  Probe  
  45  8:08  Probe  
  45  8:11  Nexus  
  47  8:14  Assimilator  
  47  8:18  Assimilator, Probe  
  48  8:20  Probe  
  48  8:26  Phoenix  
  49  8:28  Carrier x2  
  49  8:30  Probe  
  49  8:32  Probe  
  61  8:42  Carrier, Probe  
  61  8:44  Probe  
  63  8:54  Probe  
  64  8:56  Probe  
  71  9:03  Pylon  
  71  9:06  Pylon  
  71  9:21  Probe x2  
  79  9:33  Probe x2  
Show
View Real Time Build Order
Export as new Build Order

bbuang Zerg 

Build Orders: Hatch First, Roach Hydra 

Get SALT Encoding   

  12  0:01  Drone  
  13  0:13  Overlord  
  13  0:18  Drone  
  14  0:31  Drone x2  
  14  0:35  Drone  
  17  0:48  Drone  
  18  0:59  Hatchery  
  17  1:13  Spawning Pool  
  17  1:15  Extractor  
  17  1:17  Drone  
  16  1:21  Drone  
  16  1:24  Drone  
  18  1:28  Drone  
  19  1:42  Overlord  
  19  2:06  Queen  
  19  2:07  Zergling x4  
  23  2:12  Queen  
  23  2:13  Drone  
  26  2:16  Metabolic Boost  
  26  2:24  Zergling x2  
  26  2:25  Zergling x2  
  26  2:27  Zergling x2  
  29  2:37  Overlord  
  29  2:38  Zergling x2  
  30  2:48  Roach Warren  
  29  2:51  Drone  
  29  2:53  Overlord  
  30  3:03  Drone  
  30  3:05  Overlord  
  31  3:12  Drone  
  32  3:13  Drone  
  32  3:15  Drone x2  
  35  3:25  Queen  
  37  3:39  Roach x3  
  37  3:40  Drone  
  44  3:45  Drone x2  
  46  3:49  Roach  
  48  4:04  Drone x2  
  50  4:17  Lair  
  50  4:18  Drone  
  50  4:19  Drone  
  50  4:20  Drone  
  53  4:28  Drone, Hatchery  
  53  4:29  Drone  
  53  4:31  Spore Crawler  
  53  4:35  Drone x3  
  56  4:46  Overlord  
  56  4:48  Extractor  
  56  4:49  Drone x3, Extractor  
  56  4:52  Overlord  
  57  4:57  Drone x2  
  57  4:59  Evolution Chamber  
  58  5:05  Overlord  
  58  5:17  Drone  
  58  5:20  Drone  
  60  5:21  Glial Reconstitution  
  60  5:25  Hydralisk Den  
  60  5:26  Zerg Missile Weapons Level 1  
  60  5:27  Extractor  
  58  5:34  Overlord  
  58  5:37  Drone  
  58  5:38  Drone x7  
  66  5:43  Roach  
  66  5:46  Drone  
  69  5:54  Drone  
  69  5:55  Drone  
  69  5:56  Drone x2  
  73  6:00  Overlord  
  73  6:03  Overlord  
  73  6:07  Overlord  
  73  6:08  Drone  
  73  6:09  Drone x2  
  76  6:12  Roach  
  76  6:24  Roach x5  
  78  6:27  Roach x2  
  78  6:30  Hydralisk  
  78  6:31  Hydralisk  
  86  6:34  Grooved Spines  
  86  6:47  Roach  
  86  6:48  Roach x4  
  86  6:49  Overlord x2  
  96  6:58  Roach  
  96  6:59  Roach  
  98  7:06  Overlord  
  98  7:11  Roach x2  
  96  7:16  Hydralisk  
  96  7:48  Hydralisk x6  
  96  7:49  Hydralisk x4  
  96  7:51  Zerg Ground Armor Level 1  
  116  7:56  Overlord  
  116  8:03  Overlord  
  116  8:05  Drone  
  117  8:11  Hydralisk x2  
  117  8:12  Hydralisk x3  
  115  8:18  Queen  
  115  8:19  Hydralisk  
  117  8:20  Hatchery  
  118  8:27  Roach  
  118  8:28  Hydralisk  
  102  8:36  Roach  
  102  8:37  Roach x6  
  114  8:41  Muscular Augments  
  98  8:54  Roach  
  98  8:55  Roach x8  
  92  9:13  Roach  
  92  9:14  Roach x7  
  96  9:20  Drone  
  95  9:24  Overlord  
  95  9:25  Overlord  
  95  9:27  Hydralisk  
Tags
 
Add a new tag
Caveats
  • Supply blocks, unpowered buildings, or Contaminate may cause inaccurate times.
  • Supply counts are checked every 10 seconds.